 Dungeon Crawl Stone Soup version 0.29.1-1-gd02db6906a (webtiles) character file.

Game seed: 10710542563599708485

91 RatsInWalls the Trooper (level 4, -4/48 HPs)
             Began as an Ogre Gladiator on Oct 21, 2022.
             Slain by Natasha (5 damage)
             ... on level 3 of the Dungeon.
             The game lasted 00:03:23 (1956 turns).

RatsInWalls the Trooper (Ogre Gladiator)            Turns: 1956, Time: 00:03:23

Health: -4/48      AC:  5    Str: 20    XL:     4   Next: 57%
Magic:  4/4        EV: 10    Int:  9    God:
Gold:   69         SH:  0    Dex: 10    Spells: 3/3 levels left

rFire   . . .      SeeInvis .   a - +0 flail
rCold   . . .      Faith    .   (no shield)
rNeg    . . .      Spirit   .   b - +0 robe
rPois   .          Reflect  .   c - +0 hat
rElec   .          Harm     .   l - +1 cloak
rCorr   .          Rampage  .   (gloves unavailable)
Will    .....                   (boots unavailable)
Stlth   +.........              (no amulet)
HPRegen 0.16/turn               (no ring)
MPRegen 0.09/turn               (no ring)

@: mighty, on berserk cooldown, hasted and slowed
A: large, unfitting armour, tough skin 1
a: no special abilities


You were on level 3 of the Dungeon.
You visited 1 branch of the dungeon, and saw 3 of its levels.

You collected 69 gold pieces.

Inventory:

Hand Weapons
 a - a +0 flail (weapon)
Missiles
 d - 3 throwing nets (quivered)
 e - a large rock
 i - 31 stones
Armour
 b - a +0 robe (worn)
 c - a +0 hat (worn)
 l - a +1 cloak (worn)
Jewellery
 q - a ring of positive energy
Scrolls
 k - 2 scrolls of identify {unknown}
Potions
 f - a potion of curing {unknown}
 h - a potion of haste


   Skills:
 + Level 4.1 Fighting
 * Level 4.1 Maces & Flails
 - Level 2.0 Throwing
 - Level 2.6 Dodging


You had 3 spell levels left.
You didn't know any spells.
Your spell library contained the following spells:

 Spells                   Type           Power      Damage    Failure   Level
 Static Discharge         Conj/Air       0%         3-3/arc   52%         2
 Dispel Undead            Necr           0%         3d6       99%         4
 Sticky Flame             Conj/Fire      0%         2d3       99%         4


Dungeon Overview and Level Annotations

Branches:
Dungeon (3/15)

Altars:

Shops:
D:2 =

Annotations:
D:3 Natasha


Innate Abilities, Weirdness & Mutations

You are too large for most types of armour.
You have tough skin. (AC +1)


Message History

Natasha barely misses you.
You barely miss the orc. The orc hits you with a +0 flail.
The orc hits you but does no damage.
Natasha casts a spell.
The orc hits you with a +0 short sword. The orc barely misses you.
Natasha stares at you and mumbles some strange words.
The magic dart hits you.
As you read the scroll labelled IJOJE GIODUVE, it crumbles to dust.
It is a scroll of enchant armour.
Your +0 cloak glows green for a moment.
The orc hits you but does no damage. The orc hits you with a +0 short sword.
Natasha claws you. The orc closely misses you. The orc misses you.
Okay, then.
Okay, then.
You hit the orc.
The orc is lightly wounded.
Natasha claws you. The orc hits you with a +0 flail.
The orc hits you with a +0 short sword.
* * * LOW HITPOINT WARNING * * *
Natasha claws you.
* * * LOW HITPOINT WARNING * * *
The orc closely misses you. The orc barely misses you.
It was a potion of might.
You feel very mighty all of a sudden. Natasha casts a spell at you.
The magic dart hits you.
* * * LOW HITPOINT WARNING * * *
The orc hits you with a +0 flail.
* * * LOW HITPOINT WARNING * * *
The orc barely misses you.
Natasha wildly gestures.
You feel troubled.
Natasha stares at you and mumbles some strange words.
You resist with some effort.
Okay, then.
It was a potion of haste.
You feel yourself speed up. The orc barely misses you.
The orc hits you with a +0 short sword.
* * * LOW HITPOINT WARNING * * *
Natasha claws you.
You die...

#.##############
#....5h@o.......
#.######o..#.##
##......# #.......#
#.......#
####.......#
...........# ..
#####..^#<#######..#
#####.##..........#


You could see Natasha, a white imp (summoned) and 2 orcs.

Vanquished Creatures
  Natasha (D:3)
  An adder (D:3)
  2 worms (D:2)
  3 dart slugs
  2 orcs (D:3)
  8 endoplasms
  4 giant cockroaches
  3 goblins
  2 hobgoblins (D:2)
  2 quokkas
  4 bats
  2 frilled lizards
  3 kobolds
  5 rats
42 creatures vanquished.

Notes
Turn   | Place    | Note
-------+----------+-------------------------------------------
     0 | D:1      | RatsInWalls the Ogre Gladiator began the quest for the Orb.
     0 | D:1      | Reached XP level 1. HP: 22/22 MP: 1/1
   248 | D:1      | Reached XP level 2. HP: 27/31 MP: 2/2
   476 | D:1      | Found a faded altar of an unknown god.
   970 | D:2      | Reached XP level 3. HP: 37/37 MP: 3/3
  1314 | D:2      | Found Socouhiy's Jewellery Boutique.
  1918 | D:3      | Noticed Natasha
  1937 | D:3      | Reached XP level 4. HP: 31/48 MP: 4/4
  1939 | D:3      | Killed Natasha
  1948 | D:3      | Noticed Natasha
  1956 | D:3      | HP: 1/48 [orc/+0 short sword (2)]
  1956 | D:3      | Slain by Natasha

Illustrated notes

Levels and vault maps discovered:
D:1:      nagdon_arrival_zigzag_paths, layout_basic, basic_ecumenical_altar
D:2:      layout_loops_cross, serial_shops, shop_statue
D:3:      layout_loops_ring, tgw_trog, grunt_temple_overflow_open, uniq_natasha

Skill      XL: |  1  2  3  4 |
---------------+-------------+-----
Maces & Flails | 3 4 |  4.1
Fighting       | 3 4 |  4.1
Throwing       | |  2.0
Dodging        | |  2.6

Action                   |  1- 3 |  4- 6 || total
-------------------------+-------+-------++-------
Melee: Flail             |   127 |    10 ||   137
  Use: Scroll            |     2 |     1 ||     3
       Potion            |     1 |     3 ||     4
 Stab: Sleeping          |     1 |       ||     1
Armor: Robe              |    37 |     4 ||    41
Dodge: Dodged            |    68 |    17 ||    85
